 Dungeon Crawl Stone Soup version 0.24.0-1-gfbc8707 (webtiles) character file.

Game seed: 6615638214794018571, levelgen mode: deterministic

99 BleediousPenious the Covered (level 5, -5/41 HPs)
             Began as a Human Fighter on Jan 11, 2020.
             Killed by divine providence
             ... invoked by an orc priest
              (10 damage)
             ... on level 3 of the Dungeon.
             The game lasted 00:03:24 (1980 turns).

BleediousPenious the Covered (Human Fighter)        Turns: 1980, Time: 00:03:26

Health: -5/41      AC: 11    Str: 20    XL:     5   Next: 2%
Magic:  5/5        EV:  3    Int:  8    God:
Gold:   101        SH: 10    Dex: 12    Spells: 4/4 levels left

rFire    . . .     SeeInvis .   a - +1 long sword
rCold    . . .     Gourm    .   c - +1 shield
rNeg     . . .     Faith    .   l - +0 plate armour
rPois    .         Spirit   .   (no helmet)
rElec    .         Reflect  .   (no cloak)
rCorr    .         Harm     .   (no gloves)
MR       .....                  (no boots)
Stlth    ..........             (no amulet)
HPRegen  0.13/turn              h - +2 ring of strength
MPRegen  0.09/turn              (no ring)

@: no status effects
A: no striking features
a: no special abilities


You were on level 3 of the Dungeon.
You were hungry.

You visited 1 branch of the dungeon, and saw 3 of its levels.

You collected 101 gold pieces.

Inventory:

Hand Weapons
 a - a +1 long sword (weapon)
Armour
 b - a +0 scale mail
 c - a +1 shield (worn)
 l - a +0 plate armour (worn)
Jewellery
 h - a +2 ring of strength (left hand)
Scrolls
 e - 2 scrolls of remove curse {unknown}
 g - a scroll of magic mapping
 k - 2 scrolls of identify {unknown}
 o - 2 scrolls of teleportation
 p - a scroll of enchant weapon
Potions
 d - 3 potions of might
 i - a potion of flight
 j - 2 potions of agility
Comestibles
 f - 4 rations


   Skills:
 + Level 3.4 Fighting
 + Level 3.4 Long Blades
 + Level 3.7 Armour
 + Level 0.3 Dodging
 + Level 3.3 Shields


You had 4 spell levels left.
You didn't know any spells.
Your spell library was empty.

Dungeon Overview and Level Annotations

Branches:
Dungeon (3/15)

Altars:


Message History

The orc priest is moderately wounded.
The orc priest hits you but does no damage.
You block the orc's attack.
Unknown command.
You hit the orc priest.
The orc priest is heavily wounded.
You block the orc priest's attack. The orc barely misses you.
You hit the orc priest but do no damage.
The orc priest is heavily wounded.
The orc priest calls down the wrath of Beogh upon you.
Pain shoots through your body!
* * * LOW HITPOINT WARNING * * *
The orc hits you but does no damage.
Your plate armour prevents you from hitting the orc priest.
The orc priest is heavily wounded.
The orc priest hits you but does no damage.
You block the orc's attack.
The orc priest invokes the aid of Beogh against you.
Beogh smites you!
You die...

## .# .# ########
.###......#
.......##.########
.###.#.##.##.....#
.# #.#......#.##.#
.# #.####.##.###@#
## #.. (..#### #o#
######## #..oo..!#
#.......#
#........#
#........#
#..(.....#
#........#
#........#


You could see an orc priest and 2 orcs.

Vanquished Creatures
  Terence (D:2)
  2 adders (D:2)
  2 worms
  2 leopard geckos
  A ball python (D:2)
  2 giant cockroaches (D:2)
  4 goblins
  6 hobgoblins
  6 jackals (D:2)
  3 kobolds
  A quokka (D:2)
  3 bats
  5 frilled lizards
  10 rats
48 creatures vanquished.

Notes
Turn   | Place    | Note
-------+----------+-------------------------------------------
     0 | D:1      | BleediousPenious the Human Fighter began the quest for the
                  | Orb.
     0 | D:1      | Reached XP level 1. HP: 18/18 MP: 1/1
   218 | D:1      | Reached XP level 2. HP: 24/24 MP: 2/2
   528 | D:1      | Reached XP level 3. HP: 22/29 MP: 3/3
  1177 | D:2      | Noticed Terence
  1193 | D:2      | Killed Terence
  1193 | D:2      | Reached XP level 4. HP: 31/35 MP: 4/4
  1559 | D:2      | Reached XP level 5. HP: 22/41 MP: 5/5
  1980 | D:3      | Killed from afar by an orc priest

Levels and vault maps discovered:
D:1:      evilmike_arrival_run_for_it, layout_basic
D:2:      layout_basic, uniq_terence
D:3:      layout_loops_cross, trog_three_pillars_becter

Skill      XL: |  1  2  3 |
---------------+----------+-----
Long Blades    | 3 |  3.4
Fighting       | |  3.4
Armour         | |  3.7
Dodging        | |  0.3
Shields        | |  3.3

Action                   |  1- 3 |  4- 6 || total
-------------------------+-------+-------++-------
Melee: Long sword        |    88 |    72 ||   160
  Use: Scroll            |     7 |       ||     7
       Potion            |     4 |     1 ||     5
  Eat: Chunk             |       |     3 ||     3
Armor: Scale mail        |    26 |       ||    26
       Plate armour      |     3 |    53 ||    56
Dodge: Dodged            |    30 |    10 ||    40
Block: Shield            |    36 |    46 ||    82
       Rpst.: Long sword |     9 |     3 ||    12
